Celery, neutral female sylph Priestess ----- ----- ----- |...| #.....# --------- |...|####....| ###|...|%###.......>| |...|## |...| # |...| |.......| ....|####|....##### |...| -.------- |.Ed|# #....| |...| ## ...h.# ----- --|-- # --.--` #### ### # # ### # # ## ## ----.---.---- |...........| |...........| |...<.......| ------------- Celery the Adept Experience level: 8 Strength: 14 Dexterity: 9 Constitution: 17 Intelligence: 19 Wisdom: 12 Charisma: 13 Health: 0(69) Energy: 107(107) Def: 3 Gold: 0 Moves: 5129 Dungeon seed: ih_dOIJHWesuMmaw Game ID: Celery_1467835415 Your Inventory: Weapons a - a blessed corroded +1 mace (weapon in hand) Armor e - an uncursed +0 robe (being worn) n - an uncursed +0 small shield (being worn) Comestibles l - an uncursed food ration Rings K - an uncursed ring of invisibility (on left hand) Wands f - an uncursed wand of cancellation (0:1) p - an uncursed wand of light (0:10) N - an uncursed wand of digging (0:5) O - an uncursed wand of enlightenment (0:11) Tools s - an uncursed oilskin sack J - an uncursed stethoscope Contents of the oilskin sack: 770 gold pieces 2 blessed scrolls of blank paper 2 uncursed scrolls of blank paper a cursed scroll of blank paper an uncursed scroll of enchant armor an uncursed scroll of identify an uncursed scroll of remove curse 3 uncursed scrolls of scare monster an uncursed scroll of teleportation an uncursed spellbook of create monster an uncursed spellbook of identify an uncursed spellbook of light an uncursed spellbook of protection an uncursed spellbook of restore ability an uncursed spellbook of stone to flesh 2 potions of holy water an uncursed potion of sickness 3 uncursed potions of water Spells and supernatural/magical abilities: Name Level Category Fail Memory l - light 1 divination 0% 75% p - protection 1 clerical 0% 75% I - identify 3 divination 0% 75% O - create monster 2 clerical 0% 81% R - restore ability 4 healing 86% 93% S - stone to flesh 3 healing 55% 93% W - pray for help -- divine ? -- X - turn undead -- divine ? -- Your skills at the end: Miscellaneous Skills shield [Basic] wands [Basic] Weapon Skills mace [Skilled] Spellcasting Skills divination spells [Basic] clerical spells [Basic] Final Attributes: You were devoutly aligned. You saw invisible. You had infravision. You were invisible to others. You were displaced. You were stealthy. You were protected from shape changers. You are dead. Vanquished creatures: a chameleon a leprechaun an iron piercer a raven an imp 2 rock moles a fog cloud 2 shriekers a gray ooze 5 elf zombies a little dog a floating eye 2 dwarves a homunculus a kobold lord 3 iguanas a rabid rat a centipede a monkey 3 orc zombies 3 werejackals 3 hobbits an acid blob 9 geckos a hobgoblin a giant rat 8 cave spiders a brown mold a yellow mold a green mold 2 red molds 9 garter snakes 2 jackals a fox a kobold 5 newts 4 goblins 3 sewer rats 3 grid bugs a bat 8 lichens a kobold zombie 100 creatures vanquished. Genocided species: small mimics large mimics giant mimics 3 species genocided. Voluntary challenges: You were vegetarian. You had been an atheist until turn 3961. You used a wielded weapon 141 times, starting on turn 23. You did not apply a unicorn horn. You read items or engraved 22 times, starting on turn 553. You genocided 3 types of monsters, starting on turn 1826. You never polymorphed an object. You never changed form. You used no wishes. You never split a pudding. You never wrote Elbereth's name. You never violated your personal moral code. Dungeon overview: The Dungeons of Doom: levels 1 to 8 Level 1 a fountain a long staircase Level 2 an altar to The Lady, a fountain Level 3 a general store, a fountain Level 4 a long staircase Level 5 a fountain Level 6 a general store, a fountain, a sink Level 7 many fountains Level 8 <- You were here History has recorded: On T:1 you entered the Dungeons of Doom to retrieve the Amulet of Yendor! On T:505 you advanced to experience level 2. On T:547 you reached level 2 of The Dungeons of Doom. On T:1088 you advanced to experience level 3. On T:1282 you reached level 3 of The Dungeons of Doom. On T:1719 you reached level 4 of The Dungeons of Doom. On T:1857 you advanced to experience level 4. On T:2280 you reached level 5 of The Dungeons of Doom. On T:3011 you advanced to experience level 5. On T:3150 you reached level 6 of The Dungeons of Doom. On T:4098 you advanced to experience level 6. On T:4478 you reached level 7 of The Dungeons of Doom. On T:4733 you advanced to experience level 7. On T:4734 you received advice from The Oracle. On T:4734 you advanced to experience level 8. On T:4955 you reached level 8 of The Dungeons of Doom. Score breakdown: Gold: 770 ( 77 points) Experience: 8 levels ( 700 points) Exploration: 8 levels ( 210 points) Discoveries: 38 items ( 1900 points) Variety of kills: 42 monsters ( 2000 points) Major goal: (nothing yet) ( 0 points) Survival: died (score multiplied by 3) Total score: 14661 Latest messages: The dwarf lord seems more experienced. $ - 226 gold pieces. You put 371 gold pieces into the oilskin sack. You are now wearing a ring of invisibility. Gee! All of a sudden, you can see right through yourself. The dwarf lord hurls an uncursed pink potion! The jar crashes on your head and breaks into shards. You feel rather tired. Something hits you! Something bites! Something hits you! (2x) You wake up. You hit the warg! The warg bites! You hit the warg. The warg bites! The dwarf lord swings his pick-axe. The dwarf lord hits you! The dwarf lord swings his pick-axe. The dwarf lord hits you! You die... Final status: Goodbye Celery the Priestess, killed by a dwarf lord... You died in The Dungeons of Doom on dungeon level 8 with 14661 points, and 770 pieces of gold, after 5129 moves. You were level 8 with a maximum of 69 hit points when you died.